 Dungeon Crawl Stone Soup version 0.25-a0-940-gc6eaff51cc (webtiles) character file.

Game seed: 9228679246917050505, levelgen mode: deterministic

396 DavidChitty2 the Chopper (level 6, -3/56 HPs)
             Began as a Minotaur Fighter on May 5, 2020.
             Slain by a mummy (15 damage)
             ... in an ossuary.
             The game lasted 00:03:59 (3396 turns).

DavidChitty2 the Chopper (Minotaur Fighter)         Turns: 3396, Time: 00:03:59

Health: -3/56      AC:  7    Str: 23    XL:     6   Next: 52%
Magic:  5/5        EV:  7    Int:  5    God:
Gold:   206        SH: 10    Dex:  9    Spells: 5/5 levels left

rFire    . . .     SeeInvis +   a - +0 war axe
rCold    . . .     Gourm    .   c - +0 kite shield
rNeg     . . .     Faith    .   b - +0 scale mail
rPois    .         Spirit   .   (helmet restricted)
rElec    .         Reflect  .   (no cloak)
rCorr    +         Harm     .   (no gloves)
MR       .....                  (no boots)
Stlth    ..........             (no amulet)
HPRegen  0.18/turn              k - ring of resist corrosion
MPRegen  0.09/turn              z - ring of see invisible

@: no status effects
A: retaliatory headbutt, horns 2
a: no special abilities


You were in an ossuary.
You were not hungry.

You visited 1 branch of the dungeon, and saw 5 of its levels.
You also visited: Ossuary.

You collected 206 gold pieces.

Inventory:

Hand Weapons
 a - a +0 war axe (weapon)
Armour
 b - a +0 scale mail (worn)
 c - a +0 kite shield (worn)
Jewellery
 i - an uncursed ring of protection from fire {unknown}
   (You found it on level 5 of the Dungeon)
 k - a ring of resist corrosion (left hand)
   (You found it on level 1 of the Dungeon)
 z - a ring of see invisible (right hand)
   (You found it on level 2 of the Dungeon)
Wands
 p - a wand of polymorph (8)
   (You took it off Ijyb on level 3 of the Dungeon)
Scrolls
 f - a scroll of immolation {!r}
Potions
 d - a potion of might
 g - 2 potions of curing {@q1}
 j - a potion of haste {@q3}
 l - a potion of invisibility {unknown}
 m - 3 potions of heal wounds {@q2}
 n - a potion of magic {unknown}
 q - a potion of ambrosia
Comestibles
 e - 6 rations {!d}
 h - a chunk of flesh


   Skills:
 + Level 5.1 Fighting
 * Level 5.6 Axes
 + Level 5.0 Armour
 + Level 5.1 Shields


You had 5 spell levels left.
You didn't know any spells.
Your spell library was empty.

Dungeon Overview and Level Annotations

Branches:
Dungeon (5/15)            Ossuary (1/1)
 Temple: D:4-7

Altars:
Gozag
Nemelex Xobeh
Okawaru
Qazlal
Trog
Wu Jian
Yredelemnul


Innate Abilities, Weirdness & Mutations

You reflexively headbutt those who attack you in melee.
You have a pair of horns on your head.


Message History

You block the mummy's attack. You block the kobold zombie's attack.
You slash the mummy! You closely miss the kobold zombie.
You barely miss the orc zombie.
The orc zombie hits you but does no damage.
You slash the mummy!
You destroy the mummy!
Your shield and scale mail prevent you from hitting the mummy.
You hit the orc zombie. The orc zombie hits you.
You slash the orc zombie!
You destroy the orc zombie!
You hit the mummy. You slash the mummy! The mummy hits you!
You closely miss the mummy. You headbutt the mummy. You slash the mummy!
The mummy hits you!
* * * LOW HITPOINT WARNING * * *
You block the mummy's attack. The mummy hits you.
* * * LOW HITPOINT WARNING * * *
You hit the mummy but do no damage. You headbutt the mummy. You hit the mummy.
You hit the kobold zombie. You block the kobold zombie's attack.
The mummy barely misses you. You furiously retaliate!
You headbutt the mummy. You hit the mummy. Your headbutt misses the mummy.
You barely miss the kobold zombie. You hit the mummy but do no damage.
The mummy hits you!
* * * LOW HITPOINT WARNING * * *
The kobold zombie hits you but does no damage.
You feel much better.
The kobold zombie hits you but does no damage.
The mummy hits you but does no damage.
You completely miss the mummy. You headbutt the mummy.
You barely miss the kobold zombie. You slash the mummy!
You destroy the mummy!
You closely miss the mummy.
The kobold zombie hits you but does no damage.
The mummy hits you!
* * * LOW HITPOINT WARNING * * *
Your shield and scale mail prevent you from hitting the mummy.
You closely miss the kobold zombie. You hit the mummy but do no damage.
You block the mummy's attack. You block the kobold zombie's attack.
You hit the mummy. x2; You hit the kobold zombie.
The mummy completely misses you. You block the kobold zombie's attack.
The mummy hits you.
* * * LOW HITPOINT WARNING * * *
You closely miss the mummy. You slash the kobold zombie!
You destroy the kobold zombie!
You hit the mummy.
You destroy the mummy!
The mummy hits you.
* * * LOW HITPOINT WARNING * * *
You slash the mummy! You headbutt the mummy. The mummy hits you!
You die...

#......#
#....#
#....#
#....#
#....#
#....#
#....#
#..M.#
#..@.#
#.∩∩.#
######


You could see a mummy.

Vanquished Creatures
  A phantom (D:5)
  A hound (D:4)
  An orc priest (D:3)
  An orc wizard (D:3)
  Ijyb (D:3)
  A worker ant (D:4)
  A hound skeleton (D:5)
  3 mummies (Ossuary)
  3 adders
  An ooze (D:1)
  An adder skeleton (D:4)
  3 dart slugs
  5 orcs
  3 bats (D:3)
  3 giant cockroaches
  A gnoll zombie (Ossuary)
  6 goblins
  3 hobgoblins
  12 jackals
  A quokka (D:3)
  A ball python (D:3)
  7 frilled lizards
  8 kobolds
  6 kobold zombies (Ossuary)
  An orc zombie (Ossuary)
  9 rats
84 creatures vanquished.

Notes
Turn   | Place    | Note
-------+----------+-------------------------------------------
     0 | D:1      | DavidChitty2 the Minotaur Fighter began the quest for the
                  | Orb.
     0 | D:1      | Reached XP level 1. HP: 19/19 MP: 0/0
   116 | D:1      | Reached XP level 2. HP: 27/27 MP: 1/1
  1039 | D:2      | Reached XP level 3. HP: 33/33 MP: 2/2
  1780 | D:3      | Found a sparkling altar of Nemelex Xobeh.
  1780 | D:3      | Found an opulent altar of Gozag.
  1885 | D:3      | Found an iron altar of Okawaru.
  1978 | D:3      | Found a bloodstained altar of Trog.
  1981 | D:3      | Found an ornate altar of the Wu Jian Council.
  2081 | D:3      | Reached XP level 4. HP: 40/40 MP: 3/3
  2227 | D:3      | Noticed Ijyb
  2236 | D:3      | Killed Ijyb
  2516 | D:3      | Reached XP level 5. HP: 38/47 MP: 4/4
  2746 | D:4      | Found a stormy altar of Qazlal.
  2757 | D:4      | Noticed an ogre
  2877 | D:4      | Found a basalt altar of Yredelemnul.
  2957 | D:4      | Reached skill level 5 in Axes
  3174 | D:5      | Entered Level 5 of the Dungeon
  3177 | D:5      | Noticed a phantom
  3198 | D:5      | Killed a phantom
  3198 | D:5      | Reached skill level 5 in Fighting
  3198 | D:5      | Reached skill level 5 in Armour
  3198 | D:5      | Reached skill level 5 in Shields
  3198 | D:5      | Reached XP level 6. HP: 47/56 MP: 5/5
  3295 | D:5      | Found a sand-covered staircase.
  3310 | D:5      | Noticed an ice beast
  3329 | Ossuary  | Entered an ossuary
  3396 | Ossuary  | Slain by a mummy

Levels and vault maps discovered:
D:1:      dpeg_arrival_radiant, layout_loops_corners
D:2:      layout_loops_corners
D:3:      layout_loops_ring, grunt_temple_overflow_opulence, minitemple,
          first_ration, uniq_ijyb
D:4:      layout_basic, marbit_many_paths, grunt_qazlal_sundering
D:5:      layout_basic, tso_altar, enter_ossuary_2
Ossuary:  ossuary_tomb_3

Skill      XL: |  1  2  3  4  5 |
---------------+----------------+-----
Axes           | 3 4 5 |  5.6
Armour         | 4 5 |  5.0
Fighting       | 4 5 |  5.1
Shields        | 4 5 |  5.1

Action                   |  1- 3 |  4- 6 || total
-------------------------+-------+-------++-------
Melee: War axe           |   100 |   115 ||   215
       Headbutt          |    15 |    17 ||    32
  Use: Scroll            |       |     9 ||     9
       Potion            |       |     1 ||     1
  Eat: Chunk             |     4 |     4 ||     8
Armor: Scale mail        |    42 |    55 ||    97
Dodge: Dodged            |    29 |    26 ||    55
Block: Kite shield       |    49 |    67 ||   116

Table legend:
 A = Non-vault XP
 B = Vault XP
 C = Vault XP percentage of total XP
 D = Non-vault monster count
 E = Vault monster count
 F = Vault count percentage of total count
                 A         B        C        D         E       F
            +---------+---------+-------+---------+---------+-------
      Total |     465 |     102 |  18.0 |      71 |      13 |  15.5
            +---------+---------+-------+---------+---------+-------
        D:1 |      39 |       0 |   0.0 |      20 |       0 |   0.0
        D:2 |      22 |       0 |   0.0 |      12 |       0 |   0.0
        D:3 |     161 |      36 |  18.3 |      31 |       1 |   3.1
        D:4 |      83 |       3 |   3.5 |       5 |       1 |  16.7
        D:5 |     160 |       0 |   0.0 |       3 |       0 |   0.0
    Ossuary |       0 |      63 | 100.0 |       0 |      11 | 100.0
            +---------+---------+-------+---------+---------+-------
